 Dungeon Crawl Stone Soup version 0.27-a0-334-g52645efa06 (webtiles) character file.

Game seed: 3511680623668362977

93 Chiseanne the Sneak (level 4, -2/23 HPs)
             Began as a Spriggan Monk on Feb 13, 2021.
             Slain by a water moccasin skeleton (5 damage)
             ... on level 4 of the Dungeon.
             The game lasted 00:04:50 (1416 turns).

Chiseanne the Sneak (Spriggan Monk)                 Turns: 1416, Time: 00:04:50

Health: -2/23      AC:  2    Str:  7    XL:     4   Next: 37%
Magic:  5/5        EV: 19    Int: 11    God:
Gold:   67         SH:  0    Dex: 18    Spells: 3/3 levels left

rFire    . . .     SeeInvis +   a - +0 dagger (venom)
rCold    . . .     Faith    .   (shield restricted)
rNeg     . . .     Spirit   .   b - +0 robe
rPois    .         Reflect  .   (helmet restricted)
rElec    .         Harm     .   (no cloak)
rCorr    .         Rampage  .   (gloves unavailable)
Will     .....                  (boots unavailable)
Stlth    ++++......             (no amulet)
HPRegen  0.07/turn              (no ring)
MPRegen  0.09/turn              (no ring)

@: very quick
A: very small, unfitting armour, see invisible, speed 3
a: no special abilities


You were on level 4 of the Dungeon.
You visited 1 branch of the dungeon, and saw 4 of its levels.

You collected 67 gold pieces.

Inventory:

Hand Weapons
 a - a +0 dagger of venom (weapon)
Missiles
 c - 29 arrows
 f - 7 boomerangs (quivered)
 g - 16 bolts
 h - 13 stones
 j - 14 sling bullets
Armour
 b - a +0 robe (worn)
Potions
 d - a potion of mutation
 e - a potion of magic {unknown}
 k - a potion of brilliance


   Skills:
 - Level 2.4 Fighting
 - Level 3.2 Short Blades
 - Level 4.0 Dodging
 * Level 7.4 Stealth


You had 3 spell levels left.
You didn't know any spells.
Your spell library was empty.

Dungeon Overview and Level Annotations

Branches:
Dungeon (4/15)
 Temple: D:4-7

Altars:


Innate Abilities, Weirdness & Mutations

You are very small and have problems with some larger weapons.
You are too small for most types of armour.
You have supernaturally acute eyesight. (SInv)
You cover ground extremely quickly.


Message History

The water moccasin skeleton is lightly damaged.
The water moccasin skeleton completely misses you.
You completely miss the water moccasin skeleton.
The water moccasin skeleton is lightly damaged.
The water moccasin skeleton barely misses you.
You hit the water moccasin skeleton.
The water moccasin skeleton is lightly damaged.
The water moccasin skeleton closely misses you.
You barely miss the water moccasin skeleton.
The water moccasin skeleton is lightly damaged.
The water moccasin skeleton bites you.
You hit the water moccasin skeleton.
The water moccasin skeleton is moderately damaged.
The water moccasin skeleton barely misses you.
You barely miss the water moccasin skeleton.
The water moccasin skeleton is moderately damaged.
The water moccasin skeleton barely misses you.
You hit the water moccasin skeleton.
The water moccasin skeleton is moderately damaged.
The water moccasin skeleton completely misses you.
You hit the water moccasin skeleton but do no damage.
The water moccasin skeleton is moderately damaged.
The water moccasin skeleton misses you.
You hit the water moccasin skeleton.
The water moccasin skeleton is heavily damaged.
The water moccasin skeleton bites you!
* * * LOW HITPOINT WARNING * * *
You hit the water moccasin skeleton.
The water moccasin skeleton is heavily damaged.
The water moccasin skeleton misses you.
You hit the water moccasin skeleton but do no damage.
The water moccasin skeleton is heavily damaged.
The water moccasin skeleton barely misses you.
You hit the water moccasin skeleton.
The water moccasin skeleton is heavily damaged.
The water moccasin skeleton misses you.
You hit the water moccasin skeleton.
The water moccasin skeleton is heavily damaged.
The water moccasin skeleton bites you.
You die...

#.# ##.###..## #.#
#.......# #.# ##..#...##
#.# ########## #..#.....
#.#
#........#######.##....#
#.
#.................#.....
#........#######..#..#.#
#.?.....†......#.......#
#......@..####.#.......#
#.....Z...# #...#...#
#......)..... #.#.....#
#........###.# #.#....##
.........# # #......#
.........# ###....#
.........# ###...
#######+##


You could see a water moccasin skeleton.

Vanquished Creatures
  A scorpion (D:4)
  An adder (D:2)
  2 worms
  5 orcs (D:4)
  A bat (D:2)
  5 giant cockroaches
  3 goblins
  2 hobgoblins
  2 kobolds (D:2)
  2 quokkas
  2 ball pythons
  A frilled lizard (D:2)
  A leopard gecko skeleton (D:4)
28 creatures vanquished.

Notes
Turn   | Place    | Note
-------+----------+-------------------------------------------
     0 | D:1      | Chiseanne the Spriggan Monk began the quest for the Orb.
     0 | D:1      | Reached XP level 1. HP: 11/11 MP: 2/2
   365 | D:2      | Reached skill level 4 in Stealth
   370 | D:2      | Reached XP level 2. HP: 4/16 MP: 3/3
   711 | D:2      | Reached skill level 5 in Stealth
  1073 | D:2      | Reached XP level 3. HP: 19/19 MP: 4/4
  1144 | D:4      | Noticed a scorpion
  1156 | D:4      | Killed a scorpion
  1157 | D:4      | Reached skill level 7 in Stealth
  1157 | D:4      | Reached XP level 4. HP: 23/23 MP: 5/5
  1416 | D:4      | Slain by a water moccasin skeleton

Illustrated notes

Levels and vault maps discovered:
D:1:      scummos_arrival_simple_crosswalls, layout_loops_ring
D:2:      layout_basic, hangedman_decor_riveting
D:3:      layout_rooms, portal_sewer_entry_d, hellmonk_ghost_happy_afterlife
D:4:      layout_basic, chequers_ossuary_entry_cave

Skill      XL: |  1  2  3 |
---------------+----------+-----
Stealth        | 4 5 7 |  7.4
Fighting       | |  2.4
Short Blades   | |  3.2
Dodging        | |  4.0

Action                   |  1- 3 |  4- 6 || total
-------------------------+-------+-------++-------
Melee: Short sword       |    61 |       ||    61
       Dagger            |    23 |    38 ||    61
Throw: Boomerang         |     2 |     5 ||     7
  Use: Scroll            |     3 |       ||     3
 Stab: Sleeping          |     6 |       ||     6
Armor: Robe              |    13 |       ||    13
Dodge: Dodged            |    83 |    33 ||   116

Table legend: (Time is in decaauts)
 A = Elapsed time spent in this place.
 B = Non-inter-level travel time spent in this place.
 C = Inter-level travel time spent in this place.
 D = Time resting spent in this place.
 E = Time spent auto-exploring this place.
 F = Levels seen in this place.
 G = Mean time per level.
                   A        B        C        D        E       F      G
               +--------+--------+--------+--------+--------+-----+--------+
         Total |   1085 |   1085 |      0 |    424 |    116 |   4 |  271.2 |
       Dungeon |   1085 |   1085 |      0 |    424 |    116 |   4 |  271.2 |
               +--------+--------+--------+--------+--------+-----+--------+

Top non-repeatable levels by time:
     D:2: 780 daAuts
     D:4: 248 daAuts
     D:1: 38 daAuts
     D:3: 17 daAuts
